 Dungeon Crawl Stone Soup version 0.30-a0-469-g84de5afbc5 (webtiles) character file.

Game seed: 14245222854622315001

4820 bande the Cleaver (level 10, -4/63 HPs)
             Began as a Gargoyle Fighter on Dec 19, 2022.
             Slain by a two-headed ogre
             ... wielding a +0 giant club
              (8 damage)
             ... on level 8 of the Dungeon.
             The game lasted 00:11:37 (6915 turns).

bande the Cleaver (Gargoyle Fighter)                Turns: 6915, Time: 00:11:38

Health: -4/63      AC: 22    Str: 20    XL:     10   Next: 48%
Magic:  0/10       EV:  7    Int:  9    God:
Gold:   450        SH: 11    Dex: 13    Spells: 9/9 levels left

rFire   . . .      SeeInvis .    J - +2 broad axe (flame)
rCold   . . .      Faith    .    C - +2 kite shield
rNeg    + + .      Spirit   +    j - +0 pearl dragon scales
rPois   ∞          Reflect  .    o - +0 helmet
rElec   +          Harm     .    (no cloak)
rCorr   +          Rampage  .    (no gloves)
Will    .....                    I - +0 pair of boots
Stlth   ..........               f - amulet of guardian spirit
HPRegen 0.30/turn                l - +4 ring of slaying
MPRegen 0.12/turn                e - ring of resist corrosion

@: no status effects
A: sickness immunity, AC +7, negative energy resistance 1, electricity
resistance, torment resistance 1, petrification resistance
a: no special abilities


You were on level 8 of the Dungeon.
You visited 1 branch of the dungeon, and saw 8 of its levels.
You also visited: Ossuary.

You collected 450 gold pieces.

Inventory:

Hand Weapons
 a - a +0 war axe of draining
 u - a +5 flail of protection
 J - a +2 broad axe of flaming (weapon)
Missiles
 t - a throwing net (quivered)
Armour
 j - +0 pearl dragon scales (worn)
 o - a +0 helmet (worn)
 C - a +2 kite shield (worn)
 I - a +0 pair of boots (worn)
Jewellery
 e - a ring of resist corrosion (right hand)
 f - an amulet of guardian spirit (around neck)
 l - a +4 ring of slaying (left hand)
 A - an amulet of regeneration
 H - a +4 ring of evasion
Wands
 c - a wand of digging (5)
 z - a wand of flame (17)
Scrolls
 m - 3 scrolls of noise {unknown}
 p - 7 scrolls of identify
 q - a scroll of immolation {unknown}
 v - 2 scrolls of teleportation {unknown}
 w - 4 scrolls of poison {unknown}
 y - a scroll of enchant armour {unknown}
 D - a scroll of butterflies {unknown}
 F - a scroll of blinking
 G - a scroll of enchant weapon {unknown}
Potions
 b - 2 potions of attraction {unknown}
 d - 4 potions of might
 g - 4 potions of degeneration {unknown}
 h - a potion of heal wounds {unknown}
 i - a potion of resistance {unknown}
 k - 3 potions of curing
 n - 2 potions of ambrosia {unknown}
 r - 2 potions of lignification {unknown}
 s - 2 potions of brilliance {unknown}
 x - 3 potions of flight {unknown}
 B - a potion of cancellation {unknown}
 E - a potion of haste {unknown}


   Skills:
 + Level 7.4 Fighting
 + Level 10.4 Axes
 + Level 6.9 Armour
 + Level 6.2 Shields
 * Level 3.0 Evocations


You had 9 spell levels left.
You didn't know any spells.
Your spell library contained the following spells:

 Spells                   Type           Power      Damage    Failure   Level
 Slow                     Hex            0%         N/A       98%         1
 Poisonous Vapours        Pois/Air       0%         N/A       99%         2
 Confusing Touch          Hex            0%         N/A       100%        3
 Mephitic Cloud           Conj/Pois/Air  0%         N/A       100%        3
 Ozocubu's Armour         Ice            0%         N/A       100%        3
 Vampiric Draining        Necr           0%         2d6       100%        3
 Ozocubu's Refrigeration  Ice            0%         4d7       100%        7
 Cigotuvi's Dreadful Rot  Necr/Pois/Air  Unusable   N/A       N/A         2

Dungeon Overview and Level Annotations

Branches:
Dungeon (8/15)             Temple (0/1) D:6         Ossuary (visited)
   Lair: D:8-11

Altars:
Cheibriados
Kikubaaqudgha
Qazlal
Wu Jian

Shops:
D:1 (


Innate Abilities, Weirdness & Mutations

You are immune to sickness and miasma.
Your stone body is resilient. (AC +7)
You are immune to poison.
You resist negative energy. (rN+)
You are resistant to electric shocks. (rElec)
You are resistant to unholy torment.
You are immune to petrification.


Message History

You hit the water moccasin. You drain the water moccasin.
The water moccasin is lightly wounded.
The water moccasin bites you but does no damage.
The water moccasin bites you.
You hit the water moccasin.
The water moccasin is moderately wounded.
The water moccasin bites you but does no damage.
You closely miss the water moccasin.
The water moccasin is moderately wounded.
You block the water moccasin's attack.
The water moccasin bites you but does no damage.
You slash the water moccasin!
The water moccasin is severely wounded.
You block the water moccasin's attack.
You slash the water moccasin!
You kill the water moccasin!
Your Evocations skill increases to level 3!
You see here a water moccasin corpse.
You see here a water moccasin corpse.
A two-headed ogre comes into view. It is wielding two +0 giant clubs.
Items here: ! ) / [ †.
J - a +2 broad axe of flaming Your +2 broad axe of flaming bursts into flame!
J - a +2 broad axe of flaming (weapon)
Unknown command.
You hit the two-headed ogre. You burn the two-headed ogre.
The two-headed ogre is lightly wounded.
The two-headed ogre hits you with a +0 giant club!!
The two-headed ogre hits you but does no damage.
You slash the two-headed ogre! You burn the two-headed ogre.
The two-headed ogre is moderately wounded.
The two-headed ogre hits you with a +0 giant club!!
* * * LOW HITPOINT WARNING * * *
You block the two-headed ogre's attack.
Unknown command.
You slash the two-headed ogre! You burn the two-headed ogre.
The two-headed ogre is severely wounded.
You block the two-headed ogre's attack.
The two-headed ogre hits you with a +0 giant club!
You die...

##........## .
#.....(....###.
#............?
#$.........#.#
#..........#.#
#....?.......#
##........#.#
#......†..[.##
#........@...#
##........O.#.#
#..<........#.#
#...........# . ##
##.#........## #.
#..#..##......## ..
#..#.##.......# .
..
#....##.....!.#....
#.##............#


You could see a two-headed ogre.

Vanquished Creatures
  Pikel (D:5)
  Maggie (D:8)
  Prince Ribbit (D:5)
  Sigmund (D:3)
  6 yaks (D:8)
  Edmund (D:4)
  A water moccasin (D:8)
  A sky beast (D:7)
  An orc warrior (D:4)
  A black bear (D:6)
  An ogre (D:5)
  4 centaurs
  A lemure (D:5)
  3 elf zombies (Ossuary)
  Blork the orc (D:6)
  A phantom (D:6)
  A bullfrog (D:7)
  A gnoll sergeant (D:6)
  5 necrophages
  2 scorpions
  2 howler monkeys
  6 centaur zombies (Ossuary)
  A jelly (D:4)
  2 hounds
  3 human zombies (Ossuary)
  6 iguanas
  6 orc wizards
  3 mummies (Ossuary)
  12 adders
  11 gnolls
  A shadow imp (D:7)
  A white imp (D:4)
  2 worms (D:5)
  A dart slug (D:1)
  23 orcs
  4 ball pythons
  7 bats
  5 endoplasms
  2 giant cockroaches
  5 goblins
  9 hobgoblins
  4 kobolds
  5 quokkas
  4 frilled lizards
  4 rats
164 creatures vanquished.

Notes
Turn   | Place    | Note
-------+----------+-------------------------------------------
     0 | D:1      | bande the Gargoyle Fighter began the quest for the Orb.
     0 | D:1      | Reached XP level 1. HP: 14/14 MP: 1/1
    35 | D:1      | Found Xuufecor's Weapon Emporium.
   350 | D:1      | Reached XP level 2. HP: 19/19 MP: 2/2
   409 | D:1      | Found a faded altar of an unknown god.
  1061 | D:2      | Reached skill level 2 in Axes
  1155 | D:2      | Found an ancient bone altar of Kikubaaqudgha.
  1198 | D:1      | Reached XP level 3. HP: 16/23 MP: 1/3
  1508 | D:2      | Reached XP level 4. HP: 27/29 MP: 4/4
  2171 | D:3      | Reached skill level 3 in Axes
  2198 | D:3      | Reached XP level 5. HP: 32/33 MP: 5/5
  2342 | D:3      | Noticed Sigmund
  2351 | D:3      | Killed Sigmund
  2352 | D:3      | Reached skill level 4 in Axes
  2352 | D:3      | Reached XP level 6. HP: 23/39 MP: 3/6
  2516 | D:3      | Identified the +6 scimitar "Uvypp" {drain, Drain rC+ Str+6}
  2668 | D:3      | Identified the +12 mace "Irphusside" {vorpal, rC+ Dex+5}
  3259 | D:4      | Noticed an orc warrior
  3268 | D:4      | Killed an orc warrior
  3269 | D:4      | Reached skill level 5 in Axes
  3269 | D:4      | Reached XP level 7. HP: 20/44 MP: 2/7
  3271 | D:4      | Found a stormy altar of Qazlal.
  3376 | D:4      | Noticed Edmund
  3389 | D:4      | Killed Edmund
  3390 | D:4      | Reached skill level 5 in Armour
  3472 | D:4      | Found a sand-covered staircase.
  3482 | Ossuary  | Entered an ossuary
  3511 | Ossuary  | Reached skill level 6 in Axes
  3524 | Ossuary  | Reached XP level 8. HP: 46/48 MP: 8/8
  3687 | Ossuary  | Reached skill level 5 in Fighting
  3748 | Ossuary  | Reached skill level 7 in Axes
  4049 | D:5      | Entered Level 5 of the Dungeon
  4257 | D:5      | Found a snail-covered altar of Cheibriados.
  4257 | D:5      | Found an ornate altar of the Wu Jian Council.
  4290 | D:5      | Noticed Prince Ribbit
  4303 | D:5      | Reached skill level 8 in Axes
  4307 | D:5      | Killed Prince Ribbit
  4308 | D:5      | Reached XP level 9. HP: 39/55 MP: 5/9
  4499 | D:5      | Reached skill level 5 in Shields
  4563 | D:5      | Noticed Pikel
  4581 | D:5      | Killed Pikel
  4582 | D:5      | Reached skill level 9 in Axes
  4681 | D:5      | Identified the +8 long sword of Discord {venom, rC+ Int+8
                  | Stlth-}
  5252 | D:6      | Found a staircase to the Ecumenical Temple.
  5373 | D:6      | Reached skill level 1 in Evocations
  5694 | D:6      | Noticed Blork the orc
  5707 | D:6      | Killed Blork the orc
  6081 | D:7      | Reached XP level 10. HP: 61/61 MP: 10/10
  6797 | D:8      | Reached skill level 10 in Axes
  6879 | D:8      | Noticed Maggie
  6890 | D:8      | Killed Maggie
  6906 | D:8      | Noticed a two-headed ogre
  6915 | D:8      | Slain by a two-headed ogre

Illustrated notes

Levels and vault maps discovered:
D:1:      psy_arrival_basics, layout_basic, serial_shops,
          nicolae_shop_bloodbath_and_beyond, basic_ecumenical_altar
D:2:      layout_basic, basic_altar
D:3:      layout_basic, uniq_sigmund
D:4:      layout_gridville, grunt_qazlal_clouds, enter_ossuary_1, uniq_edmund
D:5:      layout_gridville, gammafunk_temple_overflow_statue, uniq_pikel,
          uniq_prince_ribbit1
D:6:      layout_basic, temple_doors_e, uniq_blork_the_orc
D:7:      layout_cave_pods
D:8:      layout_rooms, minitemple, enter_bailey_2, lightli_orcish_oven,
          uniq_maggie

Skill      XL: |  1  2  3  4  5  6  7  8  9 10 |
---------------+-------------------------------+-----
Axes           | 2 3 4 5 6 8 9 10 | 10.4
Armour         | 4 5 6 |  6.9
Fighting       | 4 5 6 7 |  7.4
Shields        | 4 5 6 |  6.2
Evocations     | 1 3 |  3.0

Action                   |  1- 3 |  4- 6 |  7- 9 | 10-12 || total
-------------------------+-------+-------+-------+-------++-------
Melee: War axe           |    64 |   111 |   265 |    71 ||   511
       Broad axe         |       |       |       |     3 ||     3
  Use: Scroll            |       |     4 |       |       ||     4
Armor: Scale mail        |    12 |       |       |       ||    12
       Pearl dragon scal |    50 |    73 |   191 |    31 ||   345
Dodge: Dodged            |    40 |    40 |   119 |    11 ||   210
Block: Buckler           |    25 |    24 |    54 |       ||   103
       Kite shield       |       |       |    30 |    50 ||    80

Table legend: (Time is in decaauts)
 A = Elapsed time spent in this place.
 B = Non-inter-level travel time spent in this place.
 C = Inter-level travel time spent in this place.
 D = Time resting spent in this place.
 E = Time spent auto-exploring this place.
 F = Levels seen in this place.
 G = Mean time per level.
                   A        B        C        D        E       F      G
               +--------+--------+--------+--------+--------+-----+--------+
         Total |   7051 |   6918 |    133 |    976 |   4285 |   9 |  783.4 |
       Dungeon |   6735 |   6602 |    133 |    871 |   4214 |   8 |  841.9 |
       Ossuary |    315 |    315 |      0 |    105 |     71 |   1 |  315.0 |
               +--------+--------+--------+--------+--------+-----+--------+

Top non-repeatable levels by time:
     D:1: 1324 daAuts
     D:6: 1266 daAuts
     D:3: 1094 daAuts
     D:2: 795 daAuts
     D:4: 780 daAuts
     D:7: 766 daAuts
     D:5: 583 daAuts
 Ossuary: 315 daAuts
     D:8: 125 daAuts
